[Event "Titled Tuesday Blitz January 10 Early 2023"]
[White "Namitbir Singh Walia"]
[Black "Guevara Sanchez, Erick Marvin"]
[WhiteFideId "35071068"]
[BlackFideId "6700136"]
[WhiteElo "2364"]
[BlackElo "2073"]
[Result "1-0"]
[Round "04"]
[TimeControl "180+2"]
[Date "2023.01.10"]
[WhiteClock "0:00:52"]
[BlackClock "0:00:05"]

1. e4 c5 2. Nf3 d6 3. d4 cxd4 4. Nxd4 Nf6 5. f3 a6 6. c4 e5 7. Nb3 Nc6 8. Nc3 Be6 9. Be3 Be7 10. Be2 Rc8 11. O-O O-O 12. Rc1 Nb4 13. a3 Nc6 14. Nd5 Bxd5 15. cxd5 Nb8 16. Qd2 Nbd7 17. Na5 Rb8 18. b4 Qe8 19. Rc7 Bd8 20. Rxb7 Bxa5 21. Rxb8 Qxb8 22. bxa5 Rc8 23. Bxa6 Rc7 24. Bd3 Nc5 25. Rb1 Qa8 26. Bf1 g6 27. a6 Nxa6 28. Qa5 Ra7 29. Bxa7 Qxa7+ 30. Kh1 Nd7 31. Qxa6 Qc5 32. Qb5 Qc2 33. Bd3 Qd2 34. Qxd7 Qxd3 35. Rg1 Qxa3 36. Qe7 Kg7 37. h3 h5 38. Rb1 h4 39. Qxh4 Qd3 40. Qe1 Qa3 41. Qb4 Qa2 42. Qb2 Qc4 43. Rc1 Qe2 44. Qxe2 f5 45. Rc7+ Kh6 46. exf5 g5 47. f6 e4 48. Qxe4 Kh5 49. Rh7# 1-0


[Site "https://www.chess.com"]

[Event "Titled Tuesday Blitz January 10 Early 2023"]
[White "Kovacevic, Radmila"]
[Black "Avazkhonov, Alikhon"]
[WhiteFideId "933171"]
[BlackFideId "14208504"]
[WhiteElo "2106"]
[BlackElo "1538"]
[Result "0-1"]
[Round "04"]
[TimeControl "180+2"]
[Date "2023.01.10"]
[WhiteClock "0:01:54"]
[BlackClock "0:01:46"]

1. e4 c5 2. Be2 Nc6 3. f4 d6 4. Nf3 g6 5. O-O Bg7 6. c3 e6 7. d3 Nge7 8. Be3 O-O 9. Qe1 b5 10. a3 Rb8 11. Nbd2 a5 12. Rc1 b4 13. axb4 axb4 14. Qh4 Ba6 15. Ng5 h6 16. Nh3 f5 17. g4 bxc3 18. bxc3 fxe4 19. Nxe4 Nd5 20. Bd2 Qxh4 21. Kg2 Rb2 22. Rf2 Rxd2 23. Nxd2 Ne3+ 0-1


[Site "https://www.chess.com"]

[Event "Titled Tuesday Blitz January 10 Early 2023"]
[White "Bon, Michael"]
[Black "Kho, Darrell"]
[WhiteFideId "620696"]
[BlackFideId "1019317"]
[WhiteElo "2394"]
[BlackElo "2075"]
[Result "0-1"]
[Round "04"]
[TimeControl "180+2"]
[Date "2023.01.10"]
[WhiteClock "0:01:57"]
[BlackClock "0:00:30"]

1. e4 e6 2. d4 d5 3. e5 c5 4. c3 Qb6 5. Nf3 Bd7 6. Bd3 Bb5 7. dxc5 Bxc5 8. b4 Be7 9. Be3 Qa6 10. Bc2 Nh6 11. a4 Bc4 12. Bxh6 gxh6 13. Qd2 Nd7 14. Na3 Rg8 15. b5 Qa5 16. Nxc4 dxc4 17. O-O O-O-O 18. Qxh6 Qxc3 19. Rac1 Qxf3 20. g3 Bg5 21. Qxh7 Bxc1 22. Rxc1 Rh8 0-1


[Site "https://www.chess.com"]

[Event "Titled Tuesday Blitz January 10 Early 2023"]
[White "Tuleyeva-Aketayeva, Dana"]
[Black "Osinovsky, Stepan"]
[WhiteFideId "13701932"]
[BlackFideId "4157354"]
[WhiteElo "2130"]
[BlackElo "2241"]
[Result "0-1"]
[Round "04"]
[TimeControl "180+2"]
[Date "2023.01.10"]
[WhiteClock "0:00:02"]
[BlackClock "0:00:20"]

1. d4 Nf6 2. Nf3 g6 3. g3 Bg7 4. Bg2 O-O 5. O-O d6 6. c4 Nbd7 7. Nc3 e5 8. dxe5 dxe5 9. Bg5 h6 10. Bxf6 Bxf6 11. Qc1 Bg7 12. Rd1 c6 13. Ne4 Qe7 14. Nd6 e4 15. Nxc8 Raxc8 16. Bh3 f5 17. Nh4 Ne5 18. Qc2 Rcd8 19. Qa4 a6 20. a3 f4 21. Rxd8 Rxd8 22. Rd1 e3 23. fxe3 fxg3 24. hxg3 Rxd1+ 25. Qxd1 Qg5 26. Kh2 Qxe3 27. Qd8+ Kh7 28. Qd1 Nxc4 29. Qc2 Ne5 30. Bg2 h5 31. Be4 Qf2+ 32. Kh3 Qf1+ 33. Bg2 Qg1 0-1


[Site "https://www.chess.com"]

[Event "Titled Tuesday Blitz January 10 Early 2023"]
[White "Flis, Pawel"]
[Black "Sihite, Chelsie Monica Ignesias"]
[WhiteFideId "1112864"]
[BlackFideId "7101198"]
[WhiteElo "1879"]
[BlackElo "2266"]
[Result "1/2-1/2"]
[Round "04"]
[TimeControl "180+2"]
[Date "2023.01.10"]
[WhiteClock "0:00:36"]
[BlackClock "0:00:39"]

1. e4 e5 2. d4 exd4 3. Nf3 Nc6 4. Bc4 Bc5 5. c3 Nf6 6. e5 d5 7. Bb5 Ne4 8. cxd4 Bb4+ 9. Bd2 Bxd2+ 10. Nbxd2 O-O 11. h3 f6 12. Bxc6 bxc6 13. O-O fxe5 14. Nxe5 Qg5 15. Ndf3 Qh5 16. Kh2 Ba6 17. Re1 Nxf2 18. Qd2 Ne4 19. Qa5 Bc8 20. Qxc7 Bxh3 21. gxh3 Rxf3 22. Nxf3 Qxf3 23. Rf1 Qe2+ 24. Kg1 Qe3+ 25. Kh2 Qe2+ 26. Kg1 Qe3+ 27. Kh2 Qe2+ 1/2-1/2


[Site "https://www.chess.com"]

[Event "Titled Tuesday Blitz January 10 Early 2023"]
[White "Joubert, Dantelle"]
[Black "Sreyas Payyappat"]
[WhiteFideId "14310813"]
[BlackFideId "46674969"]
[WhiteElo "1566"]
[BlackElo "2076"]
[Result "0-1"]
[Round "04"]
[TimeControl "180+2"]
[Date "2023.01.10"]
[WhiteClock "0:00:15"]
[BlackClock "0:00:42"]

1. d4 Nf6 2. c4 c5 3. d5 e6 4. Nc3 exd5 5. cxd5 d6 6. e4 g6 7. Nf3 Bg7 8. Bd3 O-O 9. O-O Re8 10. h3 c4 11. Bc2 a6 12. a4 Nbd7 13. Bf4 Nc5 14. Re1 Qc7 15. e5 Nh5 16. exd6 Rxe1+ 17. Qxe1 Qd8 18. Bh2 Bd7 19. Qe2 b5 20. axb5 axb5 21. Rxa8 Qxa8 22. g4 Nf6 23. Qe7 Qa1+ 24. Nd1 Qa8 25. Be5 Nxd5 26. Qg5 f6 27. Qd2 fxe5 28. Ne3 Nf4 29. Kh2 Qxf3 0-1


[Site "https://www.chess.com"]

[Event "Titled Tuesday Blitz January 10 Early 2023"]
[White "Legenia, Artem"]
[Black "ritanovikova"]
[WhiteFideId "14136945"]
[WhiteElo "2092"]
[BlackElo "2112"]
[Result "1-0"]
[Round "04"]
[TimeControl "180+2"]
[Date "2023.01.10"]
[WhiteClock "0:00:42"]
[BlackClock "0:00:01"]

1. d4 Nf6 2. Nf3 e6 3. Nc3 d5 4. Bg5 Be7 5. Bxf6 Bxf6 6. e4 dxe4 7. Nxe4 Nc6 8. Bb5 Bd7 9. Qd2 a6 10. Nxf6+ Qxf6 11. Bc4 e5 12. O-O-O O-O-O 13. Qg5 Nxd4 14. Qxf6 gxf6 15. Nxd4 exd4 16. Rxd4 Be6 17. Rxd8+ Rxd8 18. Bd3 h6 19. Re1 Rg8 20. g3 h5 21. Re4 Bf5 22. Rf4 Bxd3 23. cxd3 Rg6 24. h4 Kd7 25. Rf5 Rh6 26. d4 Ke6 27. Rc5 c6 28. Kd2 f5 29. Re5+ Kf6 30. Re8 Rg6 31. Rh8 Rg4 32. Ke3 Re4+ 33. Kd3 c5 34. dxc5 Rb4 35. b3 Ke5 36. Rxh5 Rb5 37. g4 Kf4 38. Rxf5+ Kxg4 39. Rxf7 Kxh4 40. Kc4 Ra5 41. a4 b5+ 42. cxb6 1-0


[Site "https://www.chess.com"]

[Event "Titled Tuesday Blitz January 10 Early 2023"]
[White "Yaniuk, Volodymyr"]
[Black "Vargas, Mauricio"]
[WhiteFideId "14133083"]
[BlackFideId "4404572"]
[WhiteElo "2223"]
[BlackElo "2035"]
[Result "1-0"]
[Round "04"]
[TimeControl "180+2"]
[Date "2023.01.10"]
[WhiteClock "0:02:26"]
[BlackClock "0:01:46"]

1. d4 d5 2. c4 c6 3. Nf3 e6 4. e3 Nf6 5. b3 Nbd7 6. Bb2 Bd6 7. Bd3 Kf8 8. Nbd2 b6 9. O-O Bb7 10. e4 dxe4 11. Nxe4 Nxe4 12. Bxe4 Nf6 13. Bc2 h6 14. Qe2 Bc7 15. Rad1 Rg8 16. Ne5 c5 17. dxc5 bxc5 18. Rxd8+ Rxd8 19. Rd1 Ke7 20. Ba3 Bd6 21. h3 g5 22. Nd3 Rc8 23. Qe3 h5 24. Nxc5 Bc6 25. Rxd6 Kxd6 26. Qd4+ Ke7 27. Nd7+ 1-0


[Site "https://www.chess.com"]

[Event "Titled Tuesday Blitz January 10 Early 2023"]
[White "Pinero Rodriguez, Carlos Jose"]
[Black "Melikhov, Evgeny V."]
[WhiteFideId "3901726"]
[BlackFideId "4122046"]
[WhiteElo "2246"]
[BlackElo "2269"]
[Result "1/2-1/2"]
[Round "04"]
[TimeControl "180+2"]
[Date "2023.01.10"]
[WhiteClock "0:00:30"]
[BlackClock "0:00:32"]

1. d4 Nf6 2. c4 e6 3. Nc3 Bb4 4. Qc2 c5 5. e3 cxd4 6. exd4 Nc6 7. Nf3 d5 8. a3 Bxc3+ 9. Qxc3 dxc4 10. Bxc4 Qa5 11. Qxa5 Nxa5 12. Bb5+ Bd7 13. Bxd7+ Kxd7 14. Ne5+ Ke8 15. Be3 Nc6 16. Nxc6 bxc6 17. Rc1 Kd7 18. Ke2 Rhb8 19. b4 a5 20. Bd2 Nd5 21. bxa5 Rb3 22. Rb1 Rab8 23. Rxb3 Rxb3 24. Bb4 Nxb4 25. axb4 Rxb4 26. Ra1 Kc7 27. a6 Kb8 28. a7+ Ka8 29. Kd3 Rb7 30. Kc4 Rxa7 31. Rb1 Ra5 32. Rb6 Rd5 33. Rxc6 Kb7 34. Rc5 Rxc5+ 35. Kxc5 Kc7 36. d5 exd5 37. Kxd5 Kd7 1/2-1/2


[Site "https://www.chess.com"]

[Event "Titled Tuesday Blitz January 10 Early 2023"]
[White "Nathan, Nitish"]
[Black "Luxama, Jacques Muller"]
[WhiteFideId "30927870"]
[BlackFideId "11900113"]
[WhiteElo "2071"]
[BlackElo "1933"]
[Result "0-1"]
[Round "04"]
[TimeControl "180+2"]
[Date "2023.01.10"]
[WhiteClock "0:01:41"]
[BlackClock "0:00:19"]

1. d4 Nf6 2. Bf4 d5 3. e3 e6 4. Nd2 Bd6 5. Bg3 O-O 6. Ngf3 c5 7. c3 Nc6 8. Ne5 Bxe5 9. dxe5 Nd7 10. Nf3 Qc7 11. Bd3 Ndxe5 12. Nxe5 Nxe5 13. Bxh7+ Kxh7 14. Qh5+ Kg8 15. Bxe5 Qb6 16. O-O Qxb2 17. c4 Qc2 18. cxd5 exd5 19. Rfc1 Qe4 20. Rxc5 Be6 21. Bd4 b6 22. Rc7 f6 23. Rac1 Rfc8 24. h3 Rxc7 25. Rxc7 Qf5 26. Qd1 Rc8 27. Rxa7 b5 28. Rb7 Ra8 29. Rxb5 Rxa2 30. Rb8+ Kh7 31. Rb7 Qxf2+ 32. Kh2 Qxg2# 0-1


[Site "https://www.chess.com"]

[Event "Titled Tuesday Blitz January 10 Early 2023"]
[White "Gressmann, Moritz"]
[Black "Skurikhin, Dmitrij"]
[WhiteFideId "24695084"]
[BlackFideId "4161297"]
[WhiteElo "2129"]
[BlackElo "2297"]
[Result "0-1"]
[Round "04"]
[TimeControl "180+2"]
[Date "2023.01.10"]
[WhiteClock "0:00:09"]
[BlackClock "0:01:25"]

1. e4 e6 2. c4 d5 3. cxd5 exd5 4. Qb3 dxe4 5. Bc4 Qd7 6. Nc3 Nf6 7. d3 exd3 8. Bg5 Nc6 9. O-O-O Ne5 10. Re1 Bd6 11. f4 d2+ 12. Kxd2 O-O 13. fxe5 Qg4 14. exf6 Qxg2+ 15. Nge2 Qxg5+ 16. Kd1 Qxf6 17. Ref1 Qh6 18. Rxf7 Rxf7 19. Bxf7+ Kh8 20. Rf1 Bh3 21. Rf3 Bg4 22. Rd3 Rf8 23. Be6 Bxe6 24. Qxe6 Qxe6 0-1


[Site "https://www.chess.com"]

[Event "Titled Tuesday Blitz January 10 Early 2023"]
[White "Kaminski, Victor"]
[Black "Ivanova, Karina"]
[WhiteFideId "1131630"]
[BlackFideId "24139750"]
[WhiteElo "2247"]
[BlackElo "2085"]
[Result "1-0"]
[Round "04"]
[TimeControl "180+2"]
[Date "2023.01.10"]
[WhiteClock "0:00:34"]
[BlackClock "0:00:34"]

1. e4 c6 2. Nf3 d5 3. d3 dxe4 4. dxe4 Qxd1+ 5. Kxd1 Bg4 6. Be2 Nd7 7. Nfd2 Bxe2+ 8. Kxe2 O-O-O 9. a4 e6 10. Nc4 Ngf6 11. f3 Bc5 12. c3 Nb6 13. Ne5 Rhf8 14. a5 Nbd7 15. Nc4 a6 16. Nbd2 Ne8 17. Nb3 Nd6 18. Nxd6+ Bxd6 19. Be3 Ne5 20. Bb6 Bc7 21. Ra4 f5 22. Nd4 Rde8 23. Bxc7 Kxc7 24. Nb3 fxe4 25. Rxe4 Ng6 26. g3 Rf7 27. Nc5 Rfe7 28. Re1 e5 29. Kf2 Kd6 30. Rd1+ Kxc5 31. b4+ Kb5 32. Rb1 c5 33. c4+ Kc6 34. b5+ axb5 35. Rxb5 Rd7 36. Re3 Ra8 37. Rb6+ Kc7 38. Reb3 Ra7 39. Ke3 Rd4 40. h4 h5 41. Rxg6 Rxc4 42. Rxg7+ Kc6 43. Rb6+ Kd5 44. Rd7# 1-0


[Site "https://www.chess.com"]

[Event "Titled Tuesday Blitz January 10 Early 2023"]
[White "Cepo, Toni"]
[Black "Hoffmann, Asa"]
[WhiteFideId "4675916"]
[BlackFideId "2001470"]
[WhiteElo "2145"]
[BlackElo "2185"]
[Result "1-0"]
[Round "04"]
[TimeControl "180+2"]
[Date "2023.01.10"]
[WhiteClock "0:00:23"]
[BlackClock "0:00:25"]

1. e4 d6 2. d4 Nf6 3. Nc3 c6 4. Nf3 Bg4 5. Be2 e6 6. Be3 d5 7. e5 Nfd7 8. h3 Bh5 9. O-O c5 10. Nb5 Nc6 11. c3 cxd4 12. cxd4 Nb6 13. a3 a6 14. Nc3 Be7 15. Nd2 Bg6 16. b4 O-O 17. Nb3 Rc8 18. Nc5 Bxc5 19. bxc5 Nc4 20. Bxc4 dxc4 21. Qa4 Bd3 22. Rfd1 Nxd4 23. Rxd3 Nf3+ 24. gxf3 Qxd3 25. Ne4 c3 26. Rc1 Qd5 27. Qd4 Rfd8 28. Qxd5 exd5 29. Nd6 Rc7 30. Rxc3 f6 31. f4 Re7 32. Bd4 fxe5 33. Bxe5 g6 34. Rd3 Rdd7 35. Rxd5 Re6 36. Rd4 Rc7 37. Ne4 Rce7 38. Ng5 Rxe5 39. fxe5 Rxe5 40. Rd8+ Kg7 41. Rd7+ Kf6 42. Nxh7+ Kf5 43. Rf7+ Ke4 44. Nf6+ Kd4 45. Ng4 Rxc5 46. Rxb7 Rc3 47. a4 Ra3 48. Rb6 Rxa4 49. Rxg6 Ra1+ 50. Kg2 a5 51. h4 a4 52. Ne3 Kd3 53. Rd6+ Ke4 54. Ra6 a3 55. Nc2 a2 56. Nxa1 Kf4 57. Rxa2 Kg4 58. Ra4+ Kh5 59. Nc2 1-0


[Site "https://www.chess.com"]

[Event "Titled Tuesday Blitz January 10 Early 2023"]
[White "Makhmudov, Shukhrat"]
[Black "Mitrovic, Darko R"]
[WhiteFideId "14200775"]
[BlackFideId "927023"]
[WhiteElo "2115"]
[BlackElo "2220"]
[Result "1-0"]
[Round "04"]
[TimeControl "180+2"]
[Date "2023.01.10"]
[WhiteClock "0:01:07"]
[BlackClock "0:00:01"]

1. e4 e6 2. Nf3 d5 3. e5 c5 4. b4 cxb4 5. a3 bxa3 6. d4 Nc6 7. c3 Bd7 8. Bd3 a6 9. Ng5 g6 10. Qf3 Nh6 11. h4 Be7 12. Nxe6 Bxe6 13. Bxh6 Bxh4 14. Nxa3 Rg8 15. Bd2 h5 16. Nb5 axb5 17. Rxa8 Qxa8 18. Rxh4 Qa1+ 19. Qd1 Qxd1+ 20. Kxd1 b4 21. cxb4 Ne7 22. Rh1 Bf5 23. Bb5+ Bd7 24. Be2 Nf5 25. Bc3 1-0


[Site "https://www.chess.com"]

[Event "Titled Tuesday Blitz January 10 Early 2023"]
[White "Mohammadian, Mohammad"]
[Black "Bashirli, Saadat"]
[WhiteFideId "12566055"]
[BlackFideId "13429990"]
[WhiteElo "1398"]
[BlackElo "1571"]
[Result "0-1"]
[Round "04"]
[TimeControl "180+2"]
[Date "2023.01.10"]
[WhiteClock "0:01:07"]
[BlackClock "0:01:52"]

1. e4 c5 2. Nf3 g6 3. d4 cxd4 4. Nxd4 Nc6 5. Be3 Bg7 6. Nc3 Nf6 7. Be2 O-O 8. Qd2 d5 9. exd5 Nxd5 10. Nxc6 bxc6 11. Nxd5 cxd5 12. c3 Bf5 13. Bh6 Be6 14. Bxg7 Kxg7 15. O-O Rb8 16. b3 Qc7 17. Rfc1 Rfd8 18. Qe3 Qb6 19. Qxb6 Rxb6 20. c4 dxc4 21. Bxc4 Bxc4 22. Rxc4 Rbd6 23. h3 Rd1+ 24. Rxd1 Rxd1+ 25. Kh2 Rd2 26. Ra4 Rxf2 27. Rxa7 e5 28. Kg1 Rf4 29. Re7 Kf6 30. Ra7 e4 31. b4 e3 32. b5 e2 33. Ra6+ Ke5 34. Ra8 e1=Q+ 35. Kh2 Qb4 36. a4 Rf1 37. Re8+ Kf6 38. Ra8 Qf4+ 39. g3 Qf2# 0-1


[Site "https://www.chess.com"]

[Event "Titled Tuesday Blitz January 10 Early 2023"]
[White "Dilmukhametov, Artur"]
[Black "Nogerbek, Kazybek"]
[WhiteFideId "24179922"]
[BlackFideId "13710427"]
[WhiteElo "2276"]
[BlackElo "2474"]
[Result "0-1"]
[Round "04"]
[TimeControl "180+2"]
[Date "2023.01.10"]
[WhiteClock "0:01:57"]
[BlackClock "0:02:17"]

1. d4 Nf6 2. Nc3 d5 3. Bf4 c5 4. Nf3 cxd4 5. Nxd4 Nc6 6. Nxc6 bxc6 7. e3 Bf5 8. f3 e6 9. g4 Bg6 10. h4 h5 11. g5 Nd7 12. Bd3 Bxd3 13. Qxd3 Qb6 14. b3 e5 15. Bg3 Bb4 16. Kf2 e4 17. fxe4 Nc5 18. Qd4 Bxc3 19. Qxc3 Nxe4+ 0-1


[Site "https://www.chess.com"]

[Event "Titled Tuesday Blitz January 10 Early 2023"]
[White "Broca Jimenez, Fernando"]
[Black "Sammed Jaykumar, Shete"]
[WhiteFideId "5104742"]
[BlackFideId "5073421"]
[WhiteElo "2075"]
[BlackElo "2440"]
[Result "1-0"]
[Round "04"]
[TimeControl "180+2"]
[Date "2023.01.10"]
[WhiteClock "0:00:10"]
[BlackClock "0:01:19"]

1. e4 c5 2. c3 Nf6 3. e5 Nd5 4. d4 cxd4 5. Nf3 d6 6. Qxd4 e6 7. Bb5+ Nc6 8. O-O Bd7 9. Bxc6 Bxc6 10. Bg5 Qb6 11. Qxb6 Nxb6 12. Nbd2 Bxf3 13. Nxf3 dxe5 14. Rad1 f6 15. Be3 Nd5 16. Rfe1 Nxe3 17. Rxe3 Rd8 18. Rxd8+ Kxd8 19. Rd3+ Kc7 20. Nd2 Be7 21. Kf1 Rd8 22. Ke2 Rd5 23. f3 b5 24. Nf1 Bc5 25. Ne3 Rxd3 26. Kxd3 f5 27. Nf1 Kd6 28. Ng3 g6 29. Ne2 Kd5 30. g4 e4+ 31. fxe4+ fxe4+ 32. Kd2 Ke5 33. h3 Bf2 34. b3 Bc5 35. c4 bxc4 36. bxc4 h5 37. Kc3 hxg4 38. hxg4 g5 39. Kb3 e3 40. Kc3 Ke4 41. Kc2 Kf3 42. Kd3 Kxg4 43. Ke4 Kh3 44. a4 g4 45. Kf4 g3 46. Kf3 g2 47. Nf4+ Kh2 48. Nxg2 Kg1 49. Nf4 a6 50. Nxe6 Ba7 51. Ke2 Kg2 52. c5 Kg3 53. c6 Bb6 54. c7 Bxc7 55. Nxc7 Kf4 56. Nxa6 Ke4 57. Nb4 Kd4 58. a5 1-0


[Site "https://www.chess.com"]

[Event "Titled Tuesday Blitz January 10 Early 2023"]
[White "Womacka, Mathias"]
[Black "Fishchuk, Vladyslav"]
[WhiteFideId "4611390"]
[BlackFideId "34122117"]
[WhiteElo "2396"]
[BlackElo "2252"]
[Result "1-0"]
[Round "04"]
[TimeControl "180+2"]
[Date "2023.01.10"]
[WhiteClock "0:01:47"]
[BlackClock "0:01:24"]

1. e4 c5 2. Nf3 Nc6 3. d4 cxd4 4. Nxd4 Nf6 5. Nc3 e5 6. Ndb5 d6 7. Bg5 a6 8. Na3 b5 9. Nd5 Be7 10. Nxe7 Nxe7 11. Bd3 Bb7 12. Qe2 d5 13. exd5 Qxd5 14. O-O-O Qxa2 15. Qxe5 Qe6 16. Rhe1 b4 17. Nc4 Bd5 18. Bxf6 gxf6 19. Qc7 Bxc4 20. Bxc4 Rc8 21. Qb7 1-0


[Site "https://www.chess.com"]

[Event "Titled Tuesday Blitz January 10 Early 2023"]
[White "Blokhin, Sofia"]
[Black "Mayank Chakraborty"]
[WhiteFideId "4508190"]
[BlackFideId "25659766"]
[WhiteElo "2062"]
[BlackElo "2025"]
[Result "0-1"]
[Round "04"]
[TimeControl "180+2"]
[Date "2023.01.10"]
[WhiteClock "0:00:01"]
[BlackClock "0:02:28"]

1. d4 Nf6 2. c4 g6 3. Nc3 d5 4. e3 Bg7 5. cxd5 Nxd5 6. Nf3 O-O 7. Bd3 c5 8. O-O cxd4 9. Nxd4 Nxc3 10. bxc3 Nd7 11. f4 Nc5 12. Bc2 e5 13. fxe5 Bxe5 14. Ba3 b6 15. Nb3 Qh4 16. g3 Bxg3 17. Qe2 Ba6 18. hxg3 Qxg3+ 19. Qg2 Qxe3+ 20. Rf2 Qxc3 21. Bb2 Qxb2 22. Bxg6 Qg7 23. Qh3 Nxb3 24. axb3 Qxa1+ 25. Kg2 Bb7+ 0-1


[Site "https://www.chess.com"]

[Event "Titled Tuesday Blitz January 10 Early 2023"]
[White "Pak, Yevgeniy"]
[Black "Campbell, Charles"]
[WhiteFideId "14201712"]
[BlackFideId "8500436"]
[WhiteElo "2384"]
[BlackElo "2179"]
[Result "0-1"]
[Round "04"]
[TimeControl "180+2"]
[Date "2023.01.10"]
[WhiteClock "0:00:04"]
[BlackClock "0:00:20"]

1. e4 c6 2. Nc3 d5 3. d3 e5 4. g3 Nf6 5. Bg2 Bg4 6. Nge2 h6 7. f3 Be6 8. g4 dxe4 9. dxe4 Qxd1+ 10. Nxd1 Bc5 11. Nf2 Nbd7 12. Nd3 Bb6 13. b3 c5 14. c4 Bc7 15. Nc3 a6 16. Be3 b6 17. Rd1 Ke7 18. h4 h5 19. g5 Ne8 20. Nd5+ Bxd5 21. exd5 Nd6 22. f4 f6 0-1


[Site "https://www.chess.com"]

[Event "Titled Tuesday Blitz January 10 Early 2023"]
[White "Erzhanov, Arman"]
[Black "Aspire_ie"]
[WhiteFideId "4138821"]
[WhiteElo "2228"]
[BlackElo "2307"]
[Result "1-0"]
[Round "04"]
[TimeControl "180+2"]
[Date "2023.01.10"]
[WhiteClock "0:01:08"]
[BlackClock "0:00:27"]

1. e4 d6 2. d4 Nf6 3. Nc3 g6 4. h3 Bg7 5. g4 O-O 6. Bg2 e5 7. Nge2 Nc6 8. O-O exd4 9. Nxd4 Nxd4 10. Qxd4 Nxg4 11. Qd1 Nf6 12. Bg5 h6 13. Bh4 g5 14. Bg3 Be6 15. f4 Bc4 16. Rf2 Qd7 17. Qd2 g4 18. h4 Nh5 19. Kh2 c6 20. Rd1 Rad8 21. b3 Ba6 22. Ne2 Bxe2 23. Qxe2 f5 24. exf5 Qxf5 25. Be4 Qd7 26. Bg6 Nxg3 27. Kxg3 Rf6 28. h5 d5 29. Qxg4 Qc7 30. Re1 Rdf8 31. Re8 Rxe8 32. Bxe8 Kf8 33. Re2 d4 34. Bg6 c5 35. Re8# 1-0


[Site "https://www.chess.com"]

[Event "Titled Tuesday Blitz January 10 Early 2023"]
[White "Manukian, Artak"]
[Black "Thiel, Thomas"]
[WhiteFideId "13301373"]
[BlackFideId "4615964"]
[WhiteElo "2196"]
[BlackElo "2234"]
[Result "1-0"]
[Round "04"]
[TimeControl "180+2"]
[Date "2023.01.10"]
[WhiteClock "0:00:33"]
[BlackClock "0:01:13"]

1. e4 d5 2. exd5 Nf6 3. Nc3 Nxd5 4. Bc4 Nb6 5. Bb3 Nc6 6. Qf3 e6 7. Nge2 Bd6 8. d4 O-O 9. h4 e5 10. Bg5 Qe8 11. d5 Nd4 12. Qg3 e4 13. Qe3 Nxb3 14. axb3 f5 15. Bf4 Qf7 16. Bxd6 cxd6 17. Nf4 Bd7 18. O-O Qf6 19. g3 h6 20. h5 Qg5 21. Nce2 Rae8 22. Rxa7 Re7 1-0


[Site "https://www.chess.com"]

[Event "Titled Tuesday Blitz January 10 Early 2023"]
[White "Hernandez Bonilla, Amelia"]
[Black "Leve, Nitai"]
[WhiteFideId "3900193"]
[BlackFideId "2006898"]
[WhiteElo "1960"]
[BlackElo "2128"]
[Result "0-1"]
[Round "04"]
[TimeControl "180+2"]
[Date "2023.01.10"]
[WhiteClock "0:00:01"]
[BlackClock "0:01:05"]

1. d4 d5 2. Nf3 Nf6 3. c4 c6 4. g3 dxc4 5. Bg2 e6 6. Ne5 Be7 7. O-O O-O 8. a4 Nbd7 9. Nxc4 c5 10. Nc3 cxd4 11. Qxd4 Bc5 12. Qh4 h6 13. Rd1 Qe7 14. Nb5 Nb6 15. Nxb6 axb6 16. Qc4 Bd7 17. Bxb7 Bxb5 18. Qxb5 Qxb7 19. b4 Be7 20. Bb2 Rfd8 21. a5 Rd5 22. Rxd5 Nxd5 23. a6 Qa7 24. e4 Nxb4 25. Rd1 Qxa6 26. Qd7 Qa7 27. Qd4 f6 28. Qc4 Qa2 29. Qc3 Bc5 0-1


[Site "https://www.chess.com"]

[Event "Titled Tuesday Blitz January 10 Early 2023"]
[White "Kornyukov, Alexey"]
[Black "Dinu, Dumitru-Daniel"]
[WhiteFideId "4150457"]
[BlackFideId "1208403"]
[WhiteElo "2452"]
[BlackElo "2203"]
[Result "0-1"]
[Round "04"]
[TimeControl "180+2"]
[Date "2023.01.10"]
[WhiteClock "0:00:18"]
[BlackClock "0:00:27"]

1. e4 c6 2. Nf3 d5 3. Nc3 dxe4 4. Nxe4 Nf6 5. Qe2 Na6 6. Nxf6+ gxf6 7. d4 Bf5 8. Be3 Nb4 9. Rc1 Nxa2 10. Ra1 Nb4 11. Rc1 Qa5 12. Bd2 Bxc2 13. Qc4 e6 14. Rxc2 Nxc2+ 15. Qxc2 Bb4 16. Bxb4 Qxb4+ 17. Qd2 Qxd2+ 18. Nxd2 O-O-O 19. Nf3 e5 20. dxe5 fxe5 21. Bc4 f6 22. O-O Kc7 23. Ra1 a6 24. Be6 Rd6 25. Bf5 Rhd8 26. g4 h6 27. Kg2 Rd1 28. Ra3 Re8 29. Rc3 e4 30. Nh4 Rd2 31. b3 e3 32. Kf1 e2+ 33. Ke1 Rd1# 0-1


[Site "https://www.chess.com"]

[Event "Titled Tuesday Blitz January 10 Early 2023"]
[White "Clawitter, Craig"]
[Black "Tworuszka, Michal"]
[WhiteFideId "2023105"]
[BlackFideId "1117858"]
[WhiteElo "2050"]
[BlackElo "2260"]
[Result "0-1"]
[Round "04"]
[TimeControl "180+2"]
[Date "2023.01.10"]
[WhiteClock "0:00:08"]
[BlackClock "0:00:04"]

1. e4 c5 2. Nf3 d6 3. d4 cxd4 4. Nxd4 Nf6 5. Nc3 a6 6. Be3 e5 7. Nb3 Be6 8. f3 Be7 9. Qd2 O-O 10. g4 Nbd7 11. O-O-O b5 12. Rg1 b4 13. Nd5 Bxd5 14. exd5 a5 15. Kb1 Nb6 16. Bxb6 Qxb6 17. Bd3 a4 18. Nc1 a3 19. g5 Nd7 20. h4 axb2 21. Kxb2 Nc5 22. h5 Na4+ 23. Kb1 Nc3+ 24. Ka1 Qa5 25. Bc4 Ra7 26. g6 Rfa8 27. gxf7+ Kf8 28. Qxc3 bxc3 29. h6 Qb4 30. Bb3 Qa3 31. hxg7+ Kxf7 32. Nd3 Qxa2+ 33. Bxa2 Rxa2+ 34. Kb1 Ra1# 0-1


[Site "https://www.chess.com"]

[Event "Titled Tuesday Blitz January 10 Early 2023"]
[White "Gjestemoen-VonHirsch, Andre"]
[Black "Michalski, Olaf"]
[WhiteFideId "1539531"]
[BlackFideId "1106740"]
[WhiteElo "2314"]
[BlackElo "2273"]
[Result "1-0"]
[Round "04"]
[TimeControl "180+2"]
[Date "2023.01.10"]
[WhiteClock "0:01:04"]
[BlackClock "0:00:07"]

1. d4 d6 2. e4 Nc6 3. Nf3 Nf6 4. Nc3 Bg4 5. Be3 e6 6. h3 Bh5 7. g4 Bg6 8. d5 exd5 9. exd5 Nb8 10. Bg2 Nfd7 11. Qe2 Be7 12. O-O-O O-O 13. h4 h5 14. Nd4 hxg4 15. h5 Bh7 16. Qxg4 Ne5 17. Qg3 Kh8 18. Kb1 Nbd7 19. f4 Nc4 20. Bc1 Rg8 21. Be4 Nf6 22. Bd3 1-0


[Site "https://www.chess.com"]

[Event "Titled Tuesday Blitz January 10 Early 2023"]
[White "Johnson, Ben"]
[Black "Bove, Alessandro"]
[WhiteFideId "2010917"]
[BlackFideId "814121"]
[WhiteElo "1961"]
[BlackElo "2311"]
[Result "1-0"]
[Round "04"]
[TimeControl "180+2"]
[Date "2023.01.10"]
[WhiteClock "0:00:16"]
[BlackClock "0:00:55"]

1. Nf3 g6 2. e4 Bg7 3. d4 c5 4. c4 cxd4 5. Nxd4 Nc6 6. Be3 d6 7. Nc3 Bd7 8. Be2 Nf6 9. O-O Nxd4 10. Bxd4 O-O 11. h3 a6 12. Rc1 Bc6 13. Qd3 Qd7 14. Nd5 Bxd5 15. exd5 Ne8 16. Rfe1 e5 17. dxe6 fxe6 18. Bg4 Nc7 19. Bxg7 Kxg7 20. c5 d5 21. c6 bxc6 22. Qc3+ Rf6 23. Qxc6 Qxc6 24. Rxc6 Nb5 25. Rexe6 Rxe6 26. Rxe6 h5 27. Bd1 Rc8 28. Kh2 a5 29. Rb6 Rc5 30. Ba4 Nd4 31. Rd6 Nf5 32. Rc6 Rxc6 33. Bxc6 d4 34. Kg1 Kf6 35. Kf1 Ke5 36. Ke1 Nh4 37. Kd2 Kd6 38. Be4 Ke5 39. Kd3 g5 40. b3 g4 41. a3 gxh3 42. gxh3 Kf4 43. b4 axb4 44. axb4 Nf3 45. Bxf3 Kxf3 46. b5 Kxf2 47. b6 Kg3 48. b7 Kxh3 49. b8=Q h4 50. Qf4 Kg2 51. Qxh4 Kg1 52. Qxd4+ Kg2 53. Qe3 1-0


[Site "https://www.chess.com"]